[Event "ICCopen2017"]
[Site "Internet Chess Club"]
[Date "2017.04.02"]
[Round "10"]
[White "charlestehace"]
[Black "Quinten1994"]
[Result "0-1"]
[ICCResult "White resigns"]
[WhiteElo "2783"]
[BlackElo "2390"]
[Opening "Queen's pawn: London system"]
[ECO "A45"]
[NIC "QP.07"]
[Time "20:55:45"]
[TimeControl "180+0"]

1. d4 Nf6 2. Bf4 g6 3. e3 Bg7 4. h3 d6 5. Nf3 O-O 6. Be2 Nbd7 7. Bh2 b6 8.
O-O Bb7 9. a4 a6 10. c3 c5 11. Na3 Qc7 12. Re1 Ne4 13. Nd2 Ndf6 14. Nxe4
Nxe4 15. Rc1 Rad8 16. f3 Nf6 17. e4 Nh5 18. g4 Nf6 19. Bf1 e5 20. d5 Nd7 21.
Kh1 f5 22. gxf5 gxf5 23. Bd3 Nf6 24. Rg1 Kh8 25. c4 fxe4 26. fxe4 Bc8 27.
Rg3 Qf7 28. Qg1 Nh5 29. Re3 Bh6 30. Rf1 Bxe3 31. Qxe3 Nf4 32. Bxf4 exf4 33.
Qf3 Qf6 34. Nb1 Qh4 35. Rf2 Bxh3 {White resigns} 0-1

[Event "ICCopen2017"]
[Site "Internet Chess Club"]
[Date "2017.04.02"]
[Round "10"]
[White "Salvatore"]
[Black "blackjack721"]
[Result "1-0"]
[ICCResult "Black checkmated"]
[WhiteElo "1416"]
[BlackElo "1265"]
[Opening "Richter-Veresov attack"]
[ECO "D01"]
[NIC "QP.07"]
[Time "20:55:39"]
[TimeControl "180+0"]

1. d4 Nf6 2. Bg5 d5 3. Nc3 c6 4. Bxf6 exf6 5. e3 Bf5 6. g3 Nd7 7. Bg2 Bd6 8.
Nf3 Qc7 9. O-O Kd8 10. a4 h5 11. h4 g5 12. b4 gxh4 13. Nxh4 Bg4 14. Qd3 Bxg3
15. fxg3 Qxg3 16. Nf5 Bxf5 17. Qxf5 Rg8 18. Qf2 Qg6 19. b5 h4 20. Kh2 h3 21.
Bf3 Qf5 22. Rg1 Ke7 23. bxc6 bxc6 24. Raf1 Rg5 25. Rxg5 Qxg5 26. e4 Rg8 27.
exd5 Qf4+ 28. Kh1 h2 29. dxc6 Rg1+ 30. Rxg1 hxg1=Q+ 31. Kxg1 Qc1+ 32. Kg2
Nb6 33. Qe2+ Kf8 34. c7 f5 35. d5 Qg5+ 36. Kf2 f4 37. d6 Qg3+ 38. Kf1 Qh3+
39. Qg2 Qxg2+ 40. Kxg2 Ke8 41. Bc6+ Kf8 42. Nd5 Nc8 43. d7 Ne7 44. d8=Q+ Kg7
45. Qxe7 f3+ 46. Kxf3 a5 47. Qf6+ Kf8 48. c8=Q# {Black checkmated} 1-0

[Event "ICCopen2017"]
[Site "Internet Chess Club"]
[Date "2017.04.02"]
[Round "10"]
[White "leonardoalmeida"]
[Black "rotyi59"]
[Result "1-0"]
[ICCResult "Black resigns"]
[WhiteElo "1762"]
[BlackElo "1562"]
[Opening "English opening"]
[ECO "A10"]
[NIC "EO.64"]
[Time "20:55:49"]
[TimeControl "180+0"]

1. c4 Nc6 2. Nc3 Nf6 3. g3 d5 4. c5 d4 5. Nb1 e5 6. Qc2 g6 7. a3 Bf5 8. d3
Qe7 9. b4 Bg7 10. Bg2 O-O 11. Nd2 Rfe8 12. Bb2 e4 13. dxe4 Nxe4 14. Nxe4
Bxe4 15. Bxe4 Qxe4 16. Qxe4 Rxe4 17. O-O-O Rae8 18. f3 Re3 19. Kc2 f5 20. f4
Ne7 21. Bxd4 Bxd4 22. Rxd4 Rxa3 23. Rd7 Re3 24. Rxc7 Nc6 25. Rxb7 Nd4+ 26.
Kd2 Nb3+ 27. Kc2 Nd4+ 28. Kb2 Rb3+ 29. Ka2 a5 30. b5 Rxb5 31. Rxb5 Nxb5 32.
Kb3 Nd4+ 33. Ka4 Nxe2 34. Nxe2 Rxe2 35. Rc1 Re8 36. Kxa5 Kf7 37. c6 Rc8 38.
Kb6 Ke7 39. c7 {Black resigns} 1-0

[Event "ICCopen2017"]
[Site "Internet Chess Club"]
[Date "2017.04.02"]
[Round "10"]
[White "Colombiano07"]
[Black "HuevosDeLeon"]
[Result "0-1"]
[ICCResult "White resigns"]
[WhiteElo "1980"]
[BlackElo "2537"]
[Opening "Queen's bishop game"]
[ECO "D02"]
[NIC "QP.06"]
[Time "20:56:22"]
[TimeControl "180+0"]

1. d4 Nf6 2. Nf3 d5 3. Bf4 e6 4. e3 c5 5. c3 Nc6 6. Bd3 Bd6 7. Ne5 Qc7 8.
Nxc6 Qxc6 9. Bxd6 Qxd6 10. Nd2 O-O 11. O-O e5 12. dxe5 Qxe5 13. Nf3 Qh5 14.
Be2 Qg6 15. Qb3 b6 16. a4 Rb8 17. c4 Bb7 18. Rfd1 dxc4 19. Qxc4 Rfe8 20. Rd6
h6 21. Rad1 Qf5 22. Ne1 Ne4 23. Bf3 Nxd6 24. Rxd6 Bxf3 25. Nxf3 Rbd8 26.
Rxd8 Rxd8 27. h3 Qd3 28. Qf4 Qd1+ 29. Kh2 Qd6 30. Kg3 Qxf4+ 31. Kxf4 Rd3 32.
Ne5 Rb3 33. Nc6 Rxb2 34. Nxa7 Rxf2+ 35. Kg3 Ra2 36. Nc8 Rxa4 37. Nxb6 Rb4
38. Nd7 c4 39. Kf3 Rb2 40. Ne5 c3 41. Nd3 Rd2 42. Ke4 c2 43. Nc1 Rd1 44. Nb3
Rb1 {White resigns} 0-1

[Event "ICCopen2017"]
[Site "Internet Chess Club"]
[Date "2017.04.02"]
[Round "10"]
[White "lestri"]
[Black "nino-dg"]
[Result "1-0"]
[ICCResult "Black checkmated"]
[WhiteElo "2522"]
[BlackElo "2379"]
[Opening "English opening"]
[ECO "A21"]
[NIC "EO.22"]
[Time "20:55:03"]
[TimeControl "180+0"]

1. c4 e5 2. Nc3 d6 3. Nf3 f5 4. d4 e4 5. Ng5 Be7 6. h4 Nf6 7. e3 O-O 8. Be2
c6 9. d5 Na6 10. Rb1 Nc7 11. b4 Bd7 12. Bb2 h6 13. Nh3 cxd5 14. cxd5 Ng4 15.
g3 Bf6 16. Nf4 Ne5 17. h5 Rc8 18. Qb3 Kh8 19. b5 Na8 20. Na4 Qa5+ 21. Kf1
Nb6 22. Nxb6 axb6 23. Bxe5 dxe5 24. Ng6+ Kh7 25. Kg2 f4 26. exf4 exf4 27.
Nxf4 Rc3 28. Qb4 Qxb4 29. Rxb4 Bf5 30. g4 Be5 31. Ne6 Bxe6 32. dxe6 e3 33.
Rf1 Re8 34. Re4 Bf6 35. f4 Rc2 36. Kf3 Rxa2 37. Rxe3 Rc2 38. Bd3+ Kh8 39.
Bxc2 Rc8 40. Bg6 Be7 41. Rd1 Rf8 42. Rd7 Bg5 43. Rf7 Rc8 44. fxg5 hxg5 45.
e7 Rc3 46. Rf8# {Black checkmated} 1-0

[Event "ICCopen2017"]
[Site "Internet Chess Club"]
[Date "2017.04.02"]
[Round "10"]
[White "Molton"]
[Black "Saniser"]
[Result "1-0"]
[ICCResult "Black resigns"]
[WhiteElo "3000"]
[BlackElo "2282"]
[Opening "French: Tarrasch, open variation"]
[ECO "C07"]
[NIC "FR.18"]
[Time "20:55:33"]
[TimeControl "180+0"]

1. e4 e6 2. d4 d5 3. Nd2 c5 4. Ngf3 cxd4 5. Nxd4 Nc6 6. Bb5 Bd7 7. Nxc6 Bxc6
8. Bd3 dxe4 9. Nxe4 Nf6 10. Qe2 Nxe4 11. Bxe4 Bxe4 12. Qxe4 Qa5+ 13. c3 Qd5
14. Qxd5 exd5 15. Be3 a6 16. O-O-O O-O-O 17. Rd3 Be7 18. Rhd1 Bf6 19. Rxd5
Rxd5 20. Rxd5 Re8 21. Kc2 Kc7 22. Kd3 Kc6 23. Rf5 Rd8+ 24. Kc2 Re8 25. h3
Re6 26. b3 Re8 27. c4 Rd8 28. g4 Rd7 29. Rc5+ Kd6 30. Rd5+ Ke6 31. Rxd7 Kxd7
32. Kd3 Ke6 33. Ke4 Be7 34. f4 g6 35. f5+ Kd6 36. Bd4 Kc6 37. Ke5 Kd7 38.
Kd5 Bh4 39. b4 Be1 40. b5 axb5 41. cxb5 h5 42. a4 hxg4 43. hxg4 gxf5 44.
gxf5 Bd2 45. Bb6 Bc3 46. a5 Bd2 47. a6 bxa6 48. bxa6 Kc8 49. Kc6 Kb8 50. Kd7
Bc3 51. Ke7 f6 52. Ke6 Ka8 53. Be3 Bb2 54. Kd5 Ba3 55. Bd4 Be7 56. Ke6 Bf8
57. Kxf6 Bd6 58. Ke6 Bf4 59. f6 Bh6 60. f7 Bf8 61. Kd7 Bh6 62. Ke8 Kb8 63.
Bc5 Ka8 64. Bb4 Bg7 65. Bc3 Bh6 66. Bd4 Kb8 67. Ke7 Ka8 68. Ke6 Kb8 69. Kf5
Bf8 70. Kg6 Bb4 71. Kh7 Ka8 72. Kg8 Bd6 73. Bg7 Bc5 74. Bf8 Be3 75. Bd6 Bh6
76. Kh7 {Black resigns} 1-0

[Event "ICCopen2017"]
[Site "Internet Chess Club"]
[Date "2017.04.02"]
[Round "10"]
[White "WAHEHE"]
[Black "Cramagica"]
[Result "1-0"]
[ICCResult "Black forfeits on time"]
[WhiteElo "1837"]
[BlackElo "1160"]
[Opening "Queen's Indian accelerated"]
[ECO "A50"]
[NIC "QP.07"]
[Time "20:55:35"]
[TimeControl "180+0"]

1. d4 Nf6 2. c4 b6 3. Nc3 Bb7 4. f3 e6 5. a3 d5 6. Bg5 c5 7. e3 h6 8. Bxf6
Qxf6 9. cxd5 exd5 10. Bb5+ Bc6 11. Nxd5 Qd6 12. Nc3 Bxb5 13. Nxb5 Qc6 14. a4
Be7 15. d5 Qd7 16. e4 O-O 17. Ne2 Na6 18. O-O Nb4 19. Qd2 Bg5 20. f4 Be7 21.
Rad1 a6 22. Nbc3 c4 23. e5 Bc5+ 24. Kh1 Qg4 25. Ne4 Nd3 26. Nxc5 Nxc5 27.
Ng3 Kh8 28. d6 {Black forfeits on time} 1-0

[Event "ICCopen2017"]
[Site "Internet Chess Club"]
[Date "2017.04.02"]
[Round "10"]
[White "MyLien"]
[Black "JUGGERNOT"]
[Result "0-1"]
[ICCResult "White resigns"]
[WhiteElo "1558"]
[BlackElo "1686"]
[Opening "Scandinavian (center counter) defense"]
[ECO "B01"]
[NIC "VO.17"]
[Time "20:56:12"]
[TimeControl "180+0"]

1. e4 d5 2. e5 d4 3. d3 c5 4. f4 Nc6 5. Nf3 Bg4 6. Be2 e6 7. O-O Nge7 8. h3
Bxf3 9. Bxf3 Nd5 10. Bxd5 Qxd5 11. Qf3 Qd7 12. Nd2 Be7 13. Ne4 O-O 14. Bd2
Rac8 15. Rae1 b6 16. b3 f5 17. exf6 Bxf6 18. f5 e5 19. Bg5 Ne7 20. Bxf6 gxf6
21. g4 Nd5 22. Rf2 Nf4 23. Ng3 Qf7 24. Kh2 Kg7 25. h4 h6 26. Rg1 Rh8 27.
Nh5+ Nxh5 28. gxh5+ Kh7 29. Rg6 Rhg8 30. Rfg2 Qe7 31. Qe2 Rxg6 32. Rxg6 Rg8
33. Qd2 Rxg6 34. hxg6+ Kg7 35. h5 e4 36. dxe4 Qxe4 37. Qf2 d3 38. cxd3 Qxd3
39. Qf4 Qe2+ 40. Kh3 Qxh5+ 41. Kg3 Qg5+ 42. Kf3 Qxf4+ 43. Kxf4 h5 44. Ke4 a6
45. a3 b5 46. b4 c4 47. Kd4 Kh6 48. a4 h4 49. axb5 axb5 50. Ke4 h3 51. Kf3
c3 52. Kg3 c2 53. Kxh3 c1=Q 54. Kg4 Qc4+ {White resigns} 0-1

[Event "ICCopen2017"]
[Site "Internet Chess Club"]
[Date "2017.04.02"]
[Round "10"]
[White "Chamanx"]
[Black "TeddyBear"]
[Result "0-1"]
[ICCResult "White checkmated"]
[WhiteElo "1371"]
[BlackElo "1640"]
[Opening "Caro-Kann defense"]
[ECO "B10"]
[NIC "CK.01"]
[Time "20:56:31"]
[TimeControl "180+0"]

1. e4 c6 2. Nf3 d5 3. exd5 cxd5 4. d4 Nc6 5. Bb5 Bg4 6. Bxc6+ bxc6 7. O-O e6
8. h3 Bh5 9. g4 Bg6 10. Ne5 Qc7 11. Nxg6 hxg6 12. Kg2 Nf6 13. Nc3 Bd6 14. f4
Kd7 15. a3 Rh4 16. b4 Rah8 17. Qf3 Rxh3 18. Qxh3 Rxh3 19. Kxh3 Ne4 20. Nxe4
dxe4 21. Be3 f5 22. g5 Qb7 23. c4 a5 24. c5 Bc7 25. Rab1 Qb5 26. Kg2 Qe2+
27. Bf2 Bxf4 28. Kg1 Qg4+ 29. Kh1 Qh3+ 30. Kg1 Qh2# {White checkmated} 0-1

[Event "ICCopen2017"]
[Site "Internet Chess Club"]
[Date "2017.04.02"]
[Round "10"]
[White "AreYouSerious"]
[Black "gannikus1992"]
[Result "0-1"]
[ICCResult "White resigns"]
[WhiteElo "1833"]
[BlackElo "2426"]
[Opening "Réti opening"]
[ECO "A04"]
[NIC "QP.11"]
[Time "20:56:09"]
[TimeControl "180+0"]

1. Nf3 g6 2. e3 Bg7 3. d4 d5 4. b3 c5 5. Bb5+ Bd7 6. Bxd7+ Nxd7 7. Bb2 Nh6
8. O-O O-O 9. Nbd2 Nf5 10. c4 dxc4 11. Nxc4 Rc8 12. Rc1 Qc7 13. a3 Qb8 14.
Qc2 cxd4 15. exd4 b5 16. Qe2 bxc4 17. bxc4 Nb6 18. c5 Nd5 19. Rc4 Nf4 20.
Qd2 Rfd8 21. Rd1 Nd5 22. Qc2 Rc6 23. h3 Qa8 24. Ne5 Bxe5 25. dxe5 h5 26. e6
Rxe6 27. c6 Nb6 28. Rc3 Rxd1+ 29. Qxd1 f6 30. c7 Kf7 31. Qd3 Qc8 32. Rc1 Nd6
33. Qc2 Ndc4 34. Bd4 Rc6 35. Bxb6 axb6 36. Qb3 Qxc7 37. Re1 e6 38. Qf3 Ne5
39. Qe4 Rc1 40. Rxc1 Qxc1+ 41. Kh2 Qxa3 42. Qb7+ Qe7 43. Qxb6 f5 44. Qd4 Qf6
45. Qa7+ Kg8 46. Qb8+ Kg7 47. Qc7+ Nf7 {White resigns} 0-1

[Event "ICCopen2017"]
[Site "Internet Chess Club"]
[Date "2017.04.02"]
[Round "10"]
[White "uptonjr"]
[Black "JimboPi"]
[Result "1-0"]
[ICCResult "Black checkmated"]
[WhiteElo "1774"]
[BlackElo "1565"]
[Opening "Queen's pawn game"]
[ECO "E10"]
[NIC "QI.01"]
[Time "20:55:31"]
[TimeControl "180+0"]

1. d4 Nf6 2. c4 e6 3. Nf3 d5 4. g3 c5 5. e3 cxd4 6. exd4 Nc6 7. Bg2 dxc4 8.
O-O Be7 9. Qa4 O-O 10. Qxc4 Qb6 11. Nc3 Qb4 12. Qxb4 Nxb4 13. Bg5 h6 14.
Bxf6 Bxf6 15. Rad1 Bd7 16. Ne5 Bxe5 17. dxe5 Bc6 18. Bxc6 bxc6 19. a3 Nd5
20. Ne4 Rab8 21. Rd2 Rb5 22. Rc1 Rfb8 23. Rxc6 Rxb2 24. Rxb2 Rxb2 25. Ra6
Rb7 26. Nd6 Rd7 27. f4 Nb6 28. Kg2 Kf8 29. a4 Ke7 30. a5 Nd5 31. Rc6 Ne3+
32. Kf3 Nf5 33. Nxf5+ exf5 34. Ke3 g6 35. Ra6 Rb7 36. Kd4 Rc7 37. Kd5 Kd7
38. Rf6 Ke7 39. h4 h5 40. Ra6 Kd7 41. e6+ fxe6+ 42. Rxe6 Rc5+ 43. Kxc5 Kxe6
44. Kc6 Ke7 45. Kc7 Ke6 46. Kb7 Kd7 47. Kxa7 Kc7 48. Ka6 Kc6 49. Ka7 Kc7 50.
a6 Kc8 51. Kb6 Kb8 52. Kc6 Ka7 53. Kd6 Kxa6 54. Ke6 Kb6 55. Kf6 Kc5 56. Kxg6
Kd4 57. Kxf5 Ke3 58. Kg5 Kf3 59. f5 Kxg3 60. f6 Kh3 61. f7 Kh2 62. f8=Q Kh3
63. Qf5+ Kg3 64. Kxh5 Kh2 65. Qg5 Kh1 66. Kg6 Kh2 67. h5 Kh3 68. h6 Kh2 69.
h7 Kh3 70. h8=Q# {Black checkmated} 1-0

[Event "ICCopen2017"]
[Site "Internet Chess Club"]
[Date "2017.04.02"]
[Round "10"]
[White "NJSKing"]
[Black "chessrex"]
[Result "1-0"]
[ICCResult "Black forfeits on time"]
[WhiteElo "2108"]
[BlackElo "1905"]
[Opening "Van't Kruijs opening"]
[ECO "A00"]
[NIC "RE.16"]
[Time "20:55:57"]
[TimeControl "180+0"]

1. e3 d5 2. c4 d4 3. Nf3 Nc6 4. d3 e5 5. e4 f5 6. exf5 Bxf5 7. g3 Qd7 8. Bg2
O-O-O 9. O-O Bh3 10. a3 Bxg2 11. Kxg2 Nf6 12. b4 e4 13. dxe4 Nxe4 14. b5 Ne7
15. a4 h5 16. h4 Nf5 17. a5 Kb8 18. Bf4 Bd6 19. Bxd6 Qxd6 20. b6 cxb6 21.
axb6 a6 22. Ra3 Qc6 23. Kg1 g5 24. hxg5 h4 25. g4 h3 26. gxf5 Nxg5 27. Nbd2
Rdg8 28. Kh2 Qd6+ 29. Kh1 Qc6 30. Kh2 Qd6+ 31. Kh1 Qc6 32. Rg1 h2 33. Rg3
Ne4 34. Nxe4 Qxe4 35. Rd3 Rxg3 36. fxg3 Qg4 37. Rxd4 Qg8 38. Rd7 Qc8 39.
Qd6+ Ka8 40. Qc7 Qb8 41. Qxb8+ Rxb8 42. Kxh2 a5 43. Rd5 Rh8+ 44. Kg2 Kb8 45.
Rxa5 {Black forfeits on time} 1-0

[Event "ICCopen2017"]
[Site "Internet Chess Club"]
[Date "2017.04.02"]
[Round "10"]
[White "sravanrenjith"]
[Black "ChessOptimist"]
[Result "1/2-1/2"]
[ICCResult "Game drawn because neither player has mating material"]
[WhiteElo "1712"]
[BlackElo "2022"]
[Opening "Dutch defense"]
[ECO "A84"]
[NIC "HD.10"]
[Time "20:55:16"]
[TimeControl "180+0"]

1. d4 f5 2. c4 g6 3. Nf3 Nf6 4. Nc3 Bg7 5. Bf4 O-O 6. e3 d6 7. Be2 c6 8. O-O
Qe8 9. Re1 Nbd7 10. Bg3 e5 11. Qb3 Kh8 12. dxe5 dxe5 13. Rad1 Nh5 14. Bh4
Nc5 15. Qa3 Ne6 16. Rd6 Rf7 17. Red1 Bf8 18. c5 Bxd6 19. cxd6 Bd7 20. Nxe5
Rf8 21. Bxh5 gxh5 22. Qb3 Ng7 23. Qxb7 Qxe5 24. Qxd7 Ne6 25. Be7 Rg8 26.
Qxc6 f4 27. Nd5 Raf8 28. Bxf8 Rxf8 29. Qc3 Qxc3 30. Nxc3 fxe3 31. fxe3 Kg7
32. e4 Kf6 33. Rf1+ Ke5 34. d7 Rd8 35. Rf7 Nc5 36. Rf5+ Kd4 37. Rd5+ Kc4 38.
e5 Rxd7 39. Rxd7 Nxd7 40. Ne4 Nxe5 41. Nf6 h6 42. Nxh5 Nd3 43. g4 Nxb2 44.
h4 Nd3 45. g5 hxg5 46. hxg5 Ne5 47. Nf4 Nf3+ 48. Kf2 Nxg5 49. Ke3 a5 50. Kd2
a4 51. Kc2 Ne4 52. Ng2 a3 53. Ne3+ Kd4 54. Kb3 Nc3 55. Nc2+ Kd3 56. Nxa3
Nxa2 {Game drawn because neither player has mating material} 1/2-1/2

[Event "ICCopen2017"]
[Site "Internet Chess Club"]
[Date "2017.04.02"]
[Round "10"]
[White "hawkstorm"]
[Black "hangin"]
[Result "1-0"]
[ICCResult "Black forfeits on time"]
[WhiteElo "1646"]
[BlackElo "1253"]
[Opening "Sicilian: Smith-Morra gambit"]
[ECO "B21"]
[NIC "SI.48"]
[Time "20:55:38"]
[TimeControl "180+0"]

1. e4 c5 2. d4 cxd4 3. c3 dxc3 4. Nxc3 d6 5. Bc4 e6 6. Nf3 Be7 7. Qe2 Nf6 8.
O-O O-O 9. Rd1 Nc6 10. e5 Ne8 11. exd6 Bxd6 12. Nb5 Qe7 13. Bg5 f6 14. Nxd6
Nxd6 15. Bf4 Nxc4 16. Qxc4 Rd8 17. Rxd8+ Nxd8 18. Rd1 Bd7 19. Bd6 Qf7 20.
Qc7 Rc8 21. Qa5 Nc6 22. Qb5 Nd8 23. Qa5 Nc6 24. Qb5 Nd8 25. Qb4 Bc6 26. Nd4
Bd5 27. b3 Qd7 28. Bg3 Nc6 29. Qd2 Nxd4 30. Qxd4 Qc6 31. f3 a6 32. Qf2 b5
33. h3 Qc3 34. Re1 {Black forfeits on time} 1-0

[Event "ICCopen2017"]
[Site "Internet Chess Club"]
[Date "2017.04.02"]
[Round "10"]
[White "cheslikeyomama"]
[Black "carpedef"]
[Result "0-1"]
[ICCResult "White forfeits on time"]
[WhiteElo "1446"]
[BlackElo "1762"]
[Opening "Queen's pawn game"]
[ECO "A45"]
[NIC "QP.07"]
[Time "20:55:14"]
[TimeControl "180+0"]

1. d4 Nf6 2. e3 g6 3. f4 d5 4. Nf3 Bg7 5. Bd3 O-O 6. Nbd2 b6 7. c3 Bb7 8. f5
Ne4 9. fxg6 hxg6 10. O-O Nd7 11. Qc2 Ndf6 12. Ne5 c5 13. Ndf3 Rc8 14. Qd1 e6
15. Qe1 Nd7 16. Nxd7 Qxd7 17. Qh4 Qd8 18. Qh3 Qe7 19. Bxe4 dxe4 20. Nd2 f5
21. Rf2 Qg5 22. Qg3 Qxg3 23. hxg3 Rfd8 24. Rf1 Kf7 25. Re1 Ke7 26. Nc4 b5
27. Na5 Ba8 28. Nb3 c4 29. Nd2 Bd5 30. a4 a6 31. axb5 axb5 32. Ra7+ Rd7 33.
Ra5 Rb7 34. Nb1 Kf7 35. Na3 Rcb8 36. Bd2 Bf8 37. Ra1 b4 38. Nc2 bxc3 39.
bxc3 Be7 40. Ra7 Bd8 41. Rxb7+ Rxb7 42. Ra8 Be7 43. Nb4 Bxb4 44. cxb4 Kf6
{White forfeits on time}
0-1

[Event "ICCopen2017"]
[Site "Internet Chess Club"]
[Date "2017.04.02"]
[Round "10"]
[White "msenger"]
[Black "Eigeneier"]
[Result "0-1"]
[ICCResult "White forfeits on time"]
[WhiteElo "1513"]
[BlackElo "1737"]
[Opening "Sicilian: Sozin attack"]
[ECO "B86"]
[NIC "SI.19"]
[Time "20:55:13"]
[TimeControl "180+0"]

1. e4 c5 2. Nf3 e6 3. d4 cxd4 4. Nxd4 Nf6 5. Nc3 d6 6. Bc4 a6 7. Be3 Qc7 8.
Bb3 Be7 9. f3 O-O 10. Qd2 Nc6 11. g4 b5 12. a3 Bb7 13. h4 Nd7 14. h5 Nde5
15. g5 Nxd4 16. Qf2 Nexf3+ 17. Kd1 Nxb3 18. cxb3 Ne5 19. Qd2 Rac8 20. Ke2
Rfd8 21. Rac1 Qd7 22. Bf4 a5 23. Rhd1 Rc7 24. Bxe5 dxe5 25. Qxd7 Rcxd7 26.
Rxd7 Rxd7 27. Nxb5 Bxe4 28. Rc8+ Rd8 29. Rc7 Bxg5 30. Ra7 Bd3+ 31. Kf2 Bxb5
32. Rxa5 Bd3 33. b4 Bf6 34. a4 e4 35. b3 Bc3 36. Ra7 Bxb4 37. Rb7 Bc5+ 38.
Ke1 e3 39. b4 Bd4 {White forfeits on time} 0-1

[Event "ICCopen2017"]
[Site "Internet Chess Club"]
[Date "2017.04.02"]
[Round "10"]
[White "Kjaan1974"]
[Black "samank"]
[Result "1-0"]
[ICCResult "Black checkmated"]
[WhiteElo "1501"]
[BlackElo "1369"]
[Opening "Sicilian: closed, 2...Nc6"]
[ECO "B23"]
[NIC "SI.44"]
[Time "20:55:34"]
[TimeControl "180+0"]

1. e4 c5 2. Nc3 Nc6 3. h3 e6 4. Nf3 Nf6 5. d3 d5 6. exd5 Nxd5 7. Nxd5 exd5
8. Be2 Be6 9. Bf4 Bd6 10. Bxd6 Qxd6 11. O-O O-O-O 12. a3 h5 13. Ng5 f6 14.
Nxe6 Qxe6 15. Bxh5 g5 16. Bg4 f5 17. Re1 Qd7 18. Bf3 Rdg8 19. c4 d4 20. Bd5
Rg7 21. Be6 Qxe6 22. Rxe6 g4 23. hxg4 fxg4 24. Qa4 Rgh7 25. Rxc6+ Kb8 26.
Kf1 Re8 27. Kg1 Reh8 28. Kf1 Re8 29. g3 bxc6 30. Qxc6 Reh8 31. Qd6+ Kb7 32.
Ke2 Re8+ 33. Kd2 Rhe7 34. Qd5+ Kc8 35. Kc2 Re2+ 36. Kb3 R8e7 37. Qxc5+ Rc7
38. Qf5+ Kb8 39. Qxg4 Rb7+ 40. Ka4 Rexb2 41. Re1 R7b6 42. Re8+ Kb7 43. Qc8#
{Black checkmated}
1-0

[Event "ICCopen2017"]
[Site "Internet Chess Club"]
[Date "2017.04.02"]
[Round "10"]
[White "intermaster"]
[Black "lustigbridge"]
[Result "1-0"]
[ICCResult "Black resigns"]
[WhiteElo "2248"]
[BlackElo "1944"]
[Opening "Giuoco Pianissimo"]
[ECO "C55"]
[NIC "IG.01"]
[Time "20:55:30"]
[TimeControl "180+0"]

1. e4 e5 2. Nf3 Nc6 3. Bc4 Nf6 4. d3 Bc5 5. O-O O-O 6. Nc3 d6 7. h3 h6 8. a3
a6 9. Be3 Bxe3 10. fxe3 Be6 11. Bxe6 fxe6 12. Qe1 Qe8 13. Qg3 Nh5 14. Qg4
Nf6 15. Qg3 Nh5 16. Qg4 Kh7 17. Ne2 Qg6 18. Qxg6+ Kxg6 19. d4 exd4 20. exd4
Kh7 21. c3 Nf4 22. Nxf4 Rxf4 23. Nd2 Raf8 24. Rxf4 Rxf4 25. Rf1 Rxf1+ 26.
Kxf1 g5 27. g4 Kg6 28. Ke2 e5 29. Kd3 Kf6 30. Kc4 Na5+ 31. Kd3 c5 32. dxc5
dxc5 33. b4 cxb4 34. cxb4 Nc6 35. Kc4 Ke6 36. Kc5 Nd4 37. Kb6 Ne2 38. Kxb7
Ng1 39. Kxa6 Nxh3 40. b5 Nf2 41. b6 Nd3 42. b7 Nc5+ 43. Kb6 Nd7+ 44. Kc7 Nc5
45. b8=Q Na6+ 46. Kb7 Nxb8 47. Kxb8 Kd6 48. Nf3 Kc5 49. Nxe5 Kd4 50. Nf7
Kxe4 51. Nxh6 Kf4 52. a4 Ke5 53. a5 Kd5 54. a6 Kc6 55. a7 Kd5 56. a8=Q+ Ke5
57. Qa5+ Kf4 58. Qf5+ Kg3 59. Qxg5 {Black resigns} 1-0

[Event "ICCopen2017"]
[Site "Internet Chess Club"]
[Date "2017.04.02"]
[Round "10"]
[White "elifly6"]
[Black "Ajolote"]
[Result "1-0"]
[ICCResult "Black checkmated"]
[WhiteElo "1725"]
[BlackElo "1532"]
[Opening "Sicilian: Alapin's variation (2.c3)"]
[ECO "B22"]
[NIC "SI.46"]
[Time "20:55:10"]
[TimeControl "180+0"]

1. e4 c5 2. c3 Nc6 3. d4 cxd4 4. cxd4 e6 5. Nc3 Bb4 6. Nf3 Nge7 7. Bd3 O-O
8. O-O d5 9. e5 Qb6 10. Bxh7+ Kxh7 11. Ng5+ Kg6 12. h4 Nf5 13. h5+ Kh6 14.
Nxe6+ Kh7 15. Nxf8+ Bxf8 16. Nxd5 Qxd4 17. Qxd4 Nfxd4 18. Be3 Nc2 19. Rac1
Nxe3 20. fxe3 Nxe5 21. Rc2 Ng4 22. Nc7 Nxe3 23. Nxa8 Nxc2 24. Rxf7 Bc5+ 25.
Kh1 Be6 26. Rxb7 Bd5 27. Rb5 Bxa8 28. Rxc5 Ne3 29. Ra5 Bxg2+ 30. Kg1 Bf3 31.
Kf2 Nc4 32. Rc5 Nd2 33. Rc2 Nb3 34. axb3 Bd5 35. Rc7 Bxb3 36. Rxa7 Kh6 37.
Rb7 Bd5 38. Rb6+ Kh7 39. b4 Bf7 40. Rb5 Bxh5 41. Rxh5+ Kg8 42. Re5 Kf8 43.
Re3 Kg8 44. b5 Kh7 45. b6 Kh6 46. b7 Kg6 47. b8=Q Kh6 48. Qd6+ Kh7 49. Rh3+
Kg8 50. Qe6+ Kf8 51. Rh7 g6 52. Qf7# {Black checkmated} 1-0

[Event "ICCopen2017"]
[Site "Internet Chess Club"]
[Date "2017.04.02"]
[Round "10"]
[White "blunder23"]
[Black "thxgg"]
[Result "0-1"]
[ICCResult "White forfeits on time"]
[WhiteElo "1536"]
[BlackElo "1820"]
[Opening "French: exchange variation"]
[ECO "C01"]
[NIC "FR.01"]
[Time "20:55:04"]
[TimeControl "180+0"]

1. e4 e6 2. d4 d5 3. exd5 exd5 4. c4 Nf6 5. Nc3 Bb4 6. Bd2 O-O 7. a3 Re8+ 8.
Be2 Bf8 9. Nf3 dxc4 10. O-O b5 11. Nxb5 Bb7 12. Nc3 Nc6 13. Bg5 h6 14. Bh4
g5 15. Bg3 Bg7 16. Ne5 Nxd4 17. Bxc4 Ne6 18. Qxd8 Raxd8 19. Rae1 Nh5 20. Nf3
Nxg3 21. hxg3 Nc5 22. Rxe8+ Rxe8 23. Re1 Rxe1+ 24. Nxe1 Bxc3 25. bxc3 Na4
26. Nd3 Nxc3 27. Nc5 Bc8 28. Na6 Bxa6 29. Bxa6 Ne4 30. Kf1 Kg7 31. Bb7 Nc5
32. Bc6 Kf6 33. Ke2 Ke5 34. Ke3 f6 35. f4+ Kd6 36. Bf3 Ne6 37. f5 Ng7 38. g4
Kc5 39. a4 Ne8 40. Bd1 Nd6 41. Kd3 Nc4 42. Bc2 Ne5+ 43. Ke4 Nxg4 44. Bd1 Ne5
45. Ke3 Kc4 46. g3 c5 47. Ke4 Kb4 48. Kd5 c4 49. Kd4 a5 50. Ke3 c3 51. Kd4
Nc4 52. Bc2 Nb2 53. Ke3 Nxa4 54. Kd3 Nb2+ 55. Ke2 a4 {White forfeits on
time} 0-1

[Event "ICCopen2017"]
[Site "Internet Chess Club"]
[Date "2017.04.02"]
[Round "10"]
[White "ComplexZeta"]
[Black "ALexiz"]
[Result "0-1"]
[ICCResult "White forfeits on time"]
[WhiteElo "1823"]
[BlackElo "1778"]
[Opening "Scandinavian defense"]
[ECO "B01"]
[NIC "SD.03"]
[Time "20:55:40"]
[TimeControl "180+0"]

1. e4 d5 2. exd5 Nf6 3. Nc3 Nxd5 4. Bc4 Nb6 5. Bb3 Nc6 6. Nf3 Bg4 7. Bxf7+
Kxf7 8. Ng5+ Kg8 9. Qxg4 Qd7 10. Qxd7 Nxd7 11. O-O h6 12. Ne6 Rc8 13. d4 Kf7
14. d5 Nb4 15. Nd4 Nf6 16. Ndb5 a6 17. Nd4 Nbxd5 18. Nxd5 Nxd5 19. c4 Nb4
20. Bf4 c5 21. Nf5 g6 22. Ne3 Bg7 23. Rab1 Nd3 24. b3 Nxf4 25. Rbd1 Rhd8 26.
g3 Ne2+ 27. Kg2 Nc3 28. Rc1 Ne4 29. f3 Nf6 30. Rf2 e6 31. Re1 Rd3 32. Nf1
Rcd8 33. Rfe2 R8d6 34. Ne3 Rd2 35. Kf2 Rxe2+ 36. Rxe2 Rd3 37. Ng2 Nh5 38. g4
Nf6 39. Nf4 Rd6 40. h4 g5 41. hxg5 hxg5 42. Ng2 Kg6 43. Ne3 Nd7 44. Kg3 Be5+
45. Kf2 Bf4 46. Ng2 Nf6 47. Ke1 e5 48. Kf2 Rd1 49. Ne1 Rd2 50. Rxd2 Bxd2 51.
Ng2 Bf4 52. Ne1 e4 53. fxe4 Nxe4+ 54. Kf3 Nc3 55. a3 Nb1 56. a4 Nd2+ 57. Ke2
Nxb3 58. Nd3 Nd4+ 59. Kf2 Nc6 60. Nxc5 b6 61. Nxa6 Ne5 62. Nb4 Nxc4 63. Nd5
Bd6 64. Kf3 Bc5 65. Ke4 Nb2 66. Nc3 Nc4 {White forfeits on time} 0-1